AoeStats
← El-Kiody

Black Forest

510356071Analyzed
2v2 RM · 1d ago on Sep 30, 2026· 90m 40s· 4 players
Game mode
Random Map
Map size
Medium (4 player)
Population
200
Speed
Normal
Resources
Standard
Victory
Conquest
Starting age
Dark Age
Ending age
Imperial Age
RankedLock teamsTeams togetherTeam positionsShared explorationLock speedFull tech treeHidden civsTurbo modeCheats
Victory
Defeat
🇩🇪 Chinese · Germany
577
+16
🇮🇹 Spanish · Italy
492
+19
🇸🇪 Spanish · Sweden
695
-22
🇸🇪 Celts · Sweden
448
-13
El-Kiody
0:59 Loom
17:00 Feudal Age
18:25 Wheelbarrow
17:42 Double-Bit Axe
17:43 Horse Collar
19:27 Town Watch
26:57 Castle Age
27:56 Heavy Plow
29:24 Bow Saw
31:24 Stone Mining
33:42 Hand Cart
35:08 Thumb Ring
37:17 Ballistics
41:45 Imperial Age
41:03 Stone Shaft Mining
40:19 Gold Mining
41:33 Caravan
42:03 Town Patrol
41:57 Fletching
43:13 Bodkin Arrow
43:19 Padded Archer Armor
43:25 Scale Barding Armor
45:27 Chemistry
44:23 Murder Holes
44:34 Squires
44:19 Gambesons
46:05 Elite Skirmisher
47:05 Husbandry
47:15 Bloodlines
47:17 Inquisition
47:38 Conscription
47:23 Inquisition
47:47 Conscription
48:07 Hoardings
50:35 Elite Conquistador
52:38 Pikeman
54:12 Bracer
54:27 Leather Archer Armor
54:13 Scale Mail Armor
54:24 Forging
56:24 Halberdier
63:29 Arrowslits
63:55 Fortified Wall
64:48 Light Cavalry
71:16 Ring Archer Armor
70:52 Scale Barding Armor
71:23 Iron Casting
71:03 Chain Mail Armor
77:12 Supremacy
76:47 Hussar
79:00 Arson
82:18 Man-at-Arms
83:44 Guard Tower
87:15 Long Swordsman
EidechseKran22
0:45 Loom
13:08 Feudal Age
13:41 Double-Bit Axe
13:49 Horse Collar
16:40 Wheelbarrow
17:16 Town Watch
24:00 Castle Age
25:32 Bow Saw
25:28 Heavy Plow
25:22 Stone Mining
25:23 Gold Mining
25:38 Caravan
26:24 Fortified Wall
29:18 Hand Cart
32:54 Great Wall
34:45 Padded Archer Armor
34:35 Fletching
35:13 Ballistics
37:29 Leather Archer Armor
39:49 Imperial Age
37:51 Masonry
37:37 Murder Holes
42:12 Thumb Ring
42:44 Ring Archer Armor
42:08 Crossbowman
44:40 Squires
45:09 Arrowslits
45:28 Scale Mail Armor
47:19 Conscription
46:36 Pikeman
48:54 Two-Man Saw
49:05 Chemistry
47:57 Heated Shot
48:38 Architecture
48:21 Forging
48:17 Scale Barding Armor
48:21 Husbandry
47:42 Light Cavalry
49:46 Arbalester
49:59 Halberdier
51:58 Bloodlines
53:04 Elite Skirmisher
55:14 Elite Chu Ko Nu
58:04 Bodkin Arrow
58:45 Iron Casting
58:26 Chain Mail Armor
59:28 Heavy Rocket Cart
64:29 Bracer
67:16 Town Patrol
68:17 Chain Barding Armor
68:27 Plate Mail Armor
67:55 Cavalier
72:20 Plate Barding Armor
72:46 Blast Furnace
72:31 Gold Shaft Mining
72:32 Stone Shaft Mining
74:42 Rocketry
󠀡󠀡
0:29 Loom
18:26 Feudal Age
20:00 Double-Bit Axe
20:56 Wheelbarrow
24:03 Castle Age
25:06 Bow Saw
25:31 Gold Mining
29:26 Gold Shaft Mining
33:39 Hand Cart
33:40 Stone Mining
35:35 Stone Shaft Mining
40:10 Imperial Age
39:24 Fervor
39:37 Sanctity
40:20 Stronghold
41:02 Devotion
44:25 Furor Celtica
43:52 Elite Woad Raider
45:47 Scale Mail Armor
45:58 Forging
46:43 Chain Mail Armor
47:07 Onager
48:53 Plate Mail Armor
49:10 Iron Casting
56:04 Furor Celtica
58:02 Hoardings
73:34 Guard Tower
74:45 Chemistry
73:33 Arrowslits
74:08 Ballistics
73:45 Murder Holes
76:42 Keep
75:38 Siege Onager
75:58 Siege Onager
GeXxO^
6:08 Loom
16:19 Feudal Age
20:56 Castle Age
23:54 Fortified Wall
27:47 Double-Bit Axe
30:37 Masonry
30:48 Ballistics
33:16 Bow Saw
34:14 Scale Barding Armor
34:20 Forging
34:14 Padded Archer Armor
37:15 Horse Collar
37:00 Pikeman
37:26 Arson
37:29 Town Watch
37:46 Murder Holes
39:03 Forging
43:41 Imperial Age
40:45 Elite Skirmisher
42:49 Chain Barding Armor
43:05 Iron Casting
42:27 Fletching
43:17 Iron Casting
44:24 Onager
45:04 Elite Conquistador
46:37 Hoardings
47:25 Cavalier
53:42 Chemistry
53:40 Plate Barding Armor
53:03 Bodkin Arrow
53:24 Leather Archer Armor
60:45 Paladin
71:59 Bloodlines
71:54 Husbandry
74:20 Bracer
74:51 Ring Archer Armor
75:23 Blast Furnace
Connection lost

Rejoining the realm…

Still unreachable

The connection could not be restored.

Session expired

The server has moved on; the page needs a fresh start.